 Dungeon Crawl Stone Soup version 0.31-a0-240-gb923e448b6 (webtiles) character file.

Game seed: 3009055769847744944

16 qw the Shooter (level 2, -2/24 HPs)
             Began as a Minotaur Hexslinger on July 11, 2023.
             Slain by Sigmund
             ... wielding a +0 scythe
              (7 damage)
             ... on level 2 of the Dungeon.
             The game lasted 00:00:19 (1036 turns).

qw the Shooter (Minotaur Hexslinger)                Turns: 1036, Time: 00:00:19

Health: -2/24      AC:  9    Str: 12    XL:     2   Next: 37%
Magic:  2/2        EV: 10    Int: 10    God:
Gold:   11         SH:  0    Dex: 12    Spells: 2/3 levels left

rFire   . . .        Y - +1 sling
rCold   . . .        (no shield)
rNeg    . . .        a - +0 ring mail
rPois   .            (helmet restricted)
rElec   .            (no cloak)
rCorr   .            (no gloves)
SInv    .            (no boots)
Will    .....        (no amulet)
Stlth   +            d - +4 ring of protection
HPRegen 0.24/turn    (no ring)
MPRegen 0.08/turn

%: no passive effects
@: no status effects
A: horns 2, retaliatory headbutt
a: no special abilities


You were on level 2 of the Dungeon.
You visited 1 branch of the dungeon, and saw 2 of its levels.

You collected 76 gold pieces.
You spent 65 gold pieces at shops.


Innate Abilities, Weirdness & Mutations

You have a pair of horns on your head.
You reflexively headbutt those who attack you in melee.


   Skills:
 - Level 2.0 Fighting
 + Level 3.0 Ranged Weapons
 - Level 2.1 Dodging
 - Level 1.0 Spellcasting
 - Level 2.0 Hexes


You had 2 spell levels left.
You knew the following spells:

 Your Spells              Type           Power      Damage    Failure   Level
a - Slow                  Hex            16%        N/A       34%         1

Your spell library contained the following spells:

 Spells                   Type           Power      Damage    Failure   Level
 Inner Flame              Hex/Fire       2%         N/A       83%         3
 Portal Projectile        Hex/Tloc       4%         N/A       83%         3
 Cause Fear               Hex            2%         N/A       98%         4

Inventory:

Hand Weapons
 Y - a +1 sling (weapon)
Armour
 a - a +0 ring mail (worn)
Jewellery
 d - a +4 ring of protection (left hand)
Potions
 e - a potion of enlightenment

Dungeon Overview and Level Annotations

Branches:
Dungeon (2/15)

Altars:

Shops:
D:2 *

Annotations:
D:2 Sigmund


Message History

You continue putting on your +0 ring mail. x5
You finish putting on your +0 ring mail.
1021 ||| DROPPING +0 robe.
You drop a +0 robe.
Done exploring.
1022 ||| READING scroll labelled OSTYSU YFUMAO.
As you read the scroll labelled OSTYSU YFUMAO, it crumbles to dust.
You assume a fearsome visage.
Nothing appears to happen.
It was a scroll of fear.
Done exploring.
(D) Dungeon
Where to? (* - list waypoints, Enter - D:2, ? - help)
What level of the Dungeon? (default 1, ? - help)
You climb downwards.
Level annotation: Sigmund
There is a stone staircase leading up here.
Sigmund mumbles some strange words.
Sigmund flickers and vanishes!
Deactivating autopickup; reactivate with Ctrl-A.
You shoot a sling bullet.
A puff of flame appears from out of thin air!
The puff of flame hits you!
You shoot a sling bullet. You shoot a sling bullet.
You are confused.
You shoot a sling bullet. You shoot a sling bullet. Something hits you!
You shoot a sling bullet. Something completely misses you.
You shoot a sling bullet. Something hits you.
You shoot a sling bullet. Something hits you.
You shoot a sling bullet.
You feel less confused. Something hits you.
You shoot a sling bullet. You shoot a sling bullet. Something hits you!
You die...

## #......._....# #@
#.###..###...# #.
#............# #.
#..).....#...## #.
#........#....#
#.###..##....#..#.#
#.#.............#.##
####.#.#.###..#../....###
#..........@..##.)..#....
###.....#####.<###..#.....#
####...>...#
#..###..##.#.##
...........# #.....~~~..# #
####.......# #.###~~~~~.#
###...#.#####......\~~.#
#...#......)###~~~~~.#
########.#### ##~~~#.# #.#
#.###.#


There were no monsters in sight!

Vanquished Creatures
  A ball python (D:2)
  5 bats
  An endoplasm (D:2)
  A giant cockroach (D:1)
  2 hobgoblins (D:1)
  A frilled lizard (D:1)
  3 kobolds
  2 rats (D:1)
16 creatures vanquished.

Notes
Turn   | Place    | Note
-------+----------+-------------------------------------------
     0 | D:1      | qw the Minotaur Hexslinger began the quest for the Orb.
     0 | D:1      | Reached XP level 1. HP: 16/16 MP: 1/1
     0 | D:1      | 0 ||| qw: Version: 0.3-a-52-g30416fa
     0 | D:1      | 0 ||| qw: Game counter: 6091
     0 | D:1      | 0 ||| qw: Melee chars always use a shield: true
     0 | D:1      | 0 ||| qw: God list: Okawaru
     0 | D:1      | 0 ||| qw: Allow faded altars: false
     0 | D:1      | 0 ||| qw: Do Orc after clearing Dungeon:15 true
     0 | D:1      | 0 ||| qw: Do second Lair branch before Depths: true
     0 | D:1      | 0 ||| qw: Lair rune preference: random
     0 | D:1      | 0 ||| qw: Goals: Normal
     0 | D:1      | 0 ||| PLANNING D:1-11
   373 | D:1      | Reached skill level 3 in Ranged Weapons
   463 | D:1      | Reached XP level 2. HP: 23/23 MP: 2/2
   625 | D:1      | 625 ||| UPGRADING to +4 ring of protection.
   626 | D:1      | 626 ||| READING scroll labelled QALIG QISTAMMU.
   627 | D:1      | 627 ||| READING scroll labelled DONNAONLET.
   628 | D:1      | 628 ||| READING scroll labelled ATWIDW SEVAET.
   631 | D:1      | 631 ||| DROPPING scroll of poison.
   887 | D:2      | Found a faded altar of an unknown god.
   924 | D:2      | Found Wocas's General Store.
   932 | D:2      | 932 ||| BUYING potion of enlightenment (65 gold).
   932 | D:2      | Bought a potion of enlightenment for 65 gold pieces
   932 | D:2      | 932 ||| SHOPLISTING potion of might (52 gold, have 11).
   932 | D:2      | 932 ||| SHOPLISTING scroll of teleportation (39 gold, have
                  | 11).
   953 | D:2      | Noticed Sigmund
   954 | D:2      | 954 ||| FLEEEEING.
   960 | D:2      | 960 ||| FLEEEEING.
   961 | D:2      | 961 ||| STAIRDANCE
  1011 | D:1      | 1011 ||| UPGRADING to +0 ring mail.
  1021 | D:1      | 1021 ||| DROPPING +0 robe.
  1022 | D:1      | 1022 ||| READING scroll labelled OSTYSU YFUMAO.
  1033 | D:2      | HP: 6/24 [something (3)]
  1036 | D:2      | Slain by Sigmund

Levels and vault maps discovered:
D:1:      ebering_trefoil_twist, layout_basic, wad_floor_pattern_untrapped,
          serial_bayou_lagoon_a, nicolae_titane
D:2:      layout_loops_ring, basic_altar, hellmonk_ecumenical_altar_lost_god,
          serial_shops, nicolae_shop_waterfront, minmay_tree_intersection,
          chequers_mini_garden, minmay_pentomino_s2, uniq_crazy_yiuf_cottage,
          uniq_sigmund

Skill      XL: |  1  2 |
---------------+-------+-----
Ranged Weapons | 3 |  3.0
Fighting       | 2 |  2.0
Dodging        | |  2.1
Spellcasting   | |  1.0
Hexes          | |  2.0

Action                     || total
---------------------------++-------
   Fire: Sling             ||    49
    Use: Scroll            ||     4
 Armour: Robe              ||     5
  Dodge: Dodged            ||    13

Table legend:
 A = Non-vault XP
 B = Vault XP
 C = Vault XP percentage of total XP
 D = Non-vault monster count
 E = Vault monster count
 F = Vault count percentage of total count
                 A         B        C        D         E       F
            +---------+---------+-------+---------+---------+-------
      Total |      23 |       0 |   0.0 |      16 |       0 |   0.0
            +---------+---------+-------+---------+---------+-------
        D:1 |      17 |       0 |   0.0 |      12 |       0 |   0.0
        D:2 |       6 |       0 |   0.0 |       4 |       0 |   0.0
            +---------+---------+-------+---------+---------+-------
